 Dungeon Crawl Stone Soup version 0.29-a0-1033-gb6c65ffae6 (webtiles) character file.

Game seed: 7036869848397664177

6920 Tuch the Thaumaturge (level 10, -1/50 HPs)
             Began as a Deep Elf Hedge Wizard on Aug 14, 2022.
             Was a Believer of Sif Muna.
             Slain by a two-headed ogre
             ... wielding a +0 giant club
              (21 damage)
             ... on level 9 of the Dungeon.
             The game lasted 01:41:14 (15069 turns).

Tuch the Thaumaturge (Deep Elf Hedge Wizard)       Turns: 15069, Time: 01:41:14

Health: -1/50      AC:  8    Str:  7    XL:     10   Next: 80%
Magic:  15/29      EV: 12    Int: 24    God:    Sif Muna [**....]
Gold:   490        SH:  0    Dex: 14    Spells: 8/36 levels left

rFire   x . .      SeeInvis .   K - staff of cold
rCold   + + .      Faith    .   (no shield)
rNeg    . . .      Spirit   .   o - +1 acid dragon scales
rPois   .          Reflect  .   c - +0 hat
rElec   .          Harm     .   (no cloak)
rCorr   +          Rampage  .   (no gloves)
Will    +....                   e - +0 pair of boots
Stlth   ++........              (no amulet)
HPRegen 0.16/turn               F - ring of flight
MPRegen 0.21/turn               E - ring of ice

@: flying
A: no striking features
a: Renounce Religion, Channel Magic


You were on level 9 of the Dungeon.
You worshipped Sif Muna.
Sif Muna was pleased with you.
You visited 2 branches of the dungeon, and saw 10 of its levels.

You collected 580 gold pieces.
You spent 90 gold pieces at shops.

Inventory:

Hand Weapons
 n - a +2 whip of freezing
 s - a +2 dagger of freezing
Armour
 b - a +0 robe
 c - a +0 hat (worn)
 e - a +0 pair of boots (worn)
 o - +1 acid dragon scales (worn)
 C - the +0 leather armour of Plasticity {rPois rC++ rN+}
   (You took it off a gnoll on level 5 of the Dungeon)

   rC:        It greatly protects you from cold.
   rPois:     It protects you from poison.
   rN:        It protects you from negative energy.
 H - a +2 robe of positive energy
Magical Staves
 a - a staff of earth
 K - a staff of cold (weapon)
Jewellery
 j - a ring of protection from fire
 E - a ring of ice (right hand)
 F - a ring of flight (left hand)
Wands
 z - a wand of polymorph (4)
 A - a wand of paralysis (10)
 G - a wand of flame (23)
Scrolls
 g - a scroll of amnesia
 m - 3 scrolls of teleportation
 p - 2 scrolls of poison {unknown}
 q - 4 scrolls of blinking {unknown}
 r - 4 scrolls of enchant weapon {unknown}
 t - 3 scrolls of acquirement {unknown}
 u - 2 scrolls of torment
 v - 3 scrolls of vulnerability {unknown}
 w - 3 scrolls of brand weapon {unknown}
 y - a scroll of magic mapping
Potions
 d - a potion of lignification
 f - 5 potions of flight
 h - a potion of heal wounds {unknown}
 i - a potion of attraction {unknown}
 k - a potion of brilliance {unknown}
 x - 3 potions of magic
 B - a potion of haste
 D - a potion of mutation
 I - 4 potions of degeneration (quivered)


   Skills:
 + Level 0.3 Staves
 + Level 2.8 Armour
 + Level 4.0 Dodging
 + Level 4.2 Stealth
 + Level 13.9 Spellcasting
 + Level 7.6 Conjurations
 + Level 3.8 Hexes
 + Level 2.9 Summonings
 + Level 2.3 Translocations
 + Level 2.7 Transmutations
 + Level 5.0 Fire Magic
 + Level 3.0 Air Magic
 + Level 5.7 Poison Magic
 + Level 0.2 Evocations


You had 8 spell levels left.
You knew the following spells:

 Your Spells              Type           Power      Damage    Failure   Level
a - Apportation           Tloc           54%        N/A       2%          1
b - Blink                 Tloc           54%        N/A       3%          2
c - Mephitic Cloud        Conj/Pois/Air  43%        N/A       1%          3
d - Magic Dart            Conj           100%       1d8       1%          1
f - Conjure Flame         Conj/Fire      47%        6-21      1%          3
i - Call Imp              Summ           31%        N/A       2%          2
p - Fulminant Prism       Conj/Hex       22%        3d13      6%          4
s - Slow                  Hex            100%       N/A       1%          1
B - Iskenderun's Mystic   Conj/Tloc      40%        2d9       9%          4
F - Sticky Flame          Conj/Fire      47%        2d6       4%          4
I - Ignite Poison         Fire/Tmut/Pois 38%        N/A       3%          3

Your spell library contained the following spells:

 Spells                   Type           Power      Damage    Failure   Level
 Summon Small Mammal      Summ           100%       N/A       1%          1
 Necrotise                Necr           64%        1d7       6%          1
 Lee's Rapid Deconstruct  Erth           8%         3d8*      87%         5


Dungeon Overview and Level Annotations

Branches:
Dungeon (9/15)             Temple (1/1) D:6            Lair (0/5) D:9
    Orc: D:9-12

Altars:
Elyvilon
Fedhas
Gozag
Hepliaklqana
Makhleb
Qazlal
Ru
Sif Muna
Uskayaw
Wu Jian
Xom
Yredelemnul
Zin

Shops:
D:8 (

Annotations:
D:4 3 runed translucent doors, Tocho's ghost, amateur MiFi


Message History

The stinking cloud engulfs the two-headed ogre but does no damage.
The two-headed ogre is lightly wounded.
The two-headed ogre is engulfed in noxious fumes.
Casting: Mephitic Cloud (safe; 1% risk of failure)
Confirm with . or Enter, or press ? or * to list all spells.
Aiming: Magic Dart (safe; 1% risk of failure)
Press: ? - help, Shift-Dir - straight line, f - two-headed ogre
Aim: a two-headed ogre, wielding a +0 giant club and a +0 giant spiked club (grey smoke, lightly wounded, 100% to hit)
The magic dart hits the two-headed ogre.
The two-headed ogre is lightly wounded.
Casting: Magic Dart (safe; 1% risk of failure)
Confirm with . or Enter, or press ? or * to list all spells.
You ignite the poison in your surroundings!
The two-headed ogre is engulfed in blazing flames.
Casting: Ignite Poison (dangerous; 3% risk of failure)
Confirm with . or Enter, or press ? or * to list all spells.
Aiming: Slow (safe; 1% risk of failure)
Press: ? - help, Shift-Dir - straight line, f/p - two-headed ogre
Aim: a two-headed ogre, wielding a +0 giant club and a +0 giant spiked club (moderately wounded, chance to affect: 47%)
The two-headed ogre seems to slow down.
Casting: Slow (safe; 1% risk of failure)
Confirm with . or Enter, or press ? or * to list all spells.
Aiming: Magic Dart (safe; 1% risk of failure)
Press: ? - help, Shift-Dir - straight line, f/p - two-headed ogre
Aim: a two-headed ogre, wielding a +0 giant club and a +0 giant spiked club (moderately wounded, slow, 100% to hit)
The magic dart hits the two-headed ogre.
The two-headed ogre is heavily wounded.
Casting: Magic Dart (safe; 1% risk of failure)
Confirm with . or Enter, or press ? or * to list all spells.
Aiming: Sticky Flame (dangerous; 4% risk of failure)
Press: ? - help, Shift-Dir - straight line, f/p - two-headed ogre
Aim: a two-headed ogre, wielding a +0 giant club and a +0 giant spiked club (heavily wounded, slow, 100% to hit)
The sticky flame hits the two-headed ogre!
The two-headed ogre is heavily wounded.
The two-headed ogre is covered in liquid flames!
The two-headed ogre burns!
The two-headed ogre hits you with a +0 giant club!!
Ouch! That really hurt!
The two-headed ogre hits you with a +0 giant spiked club!!
You die...

..
#.###.#........Y.......#..
#. #...#...............#..
# #...#..####+##(.....#..
#. #...#####...##......#..
#.###.#...##...........#.<
##...##....#...........#..
#.....#....+....#..)......
..#...#....##....#######.##
. #####...@##....# #..#
#...O##..>.# ##.#
.....#.........##### .#
#...##.........#... ...
#.### #...##...##.# .### .
#...#..#####...# ....
#...#..........# .....
#...#.......##.#......
##.#.........#..$.._..


You could see a two-headed ogre (burning, slow).

Vanquished Creatures
  A hornet (D:9)
  Grinder (D:4)
  A wyvern (D:6)
  18 yaks
  An acid dragon (D:8)
  A water moccasin (D:7)
  Duvessa (D:4)
  2 orc warriors
  2 sky beasts (D:7)
  A black bear (D:5)
  An ogre (D:6)
  9 centaurs
  A kobold brigand (D:8)
  A phantom (D:5)
  2 scorpions
  A gnoll sergeant (D:9)
  10 wights
  7 killer bees
  3 jellies
  4 hounds
  2 orc priests (D:7)
  2 gnoll boudas
  4 iguanas
  7 orc wizards
  19 gnolls
  5 adders
  2 shadow imps (D:6)
  2 white imps
  3 ufetubi
  2 worms
  A dart slug (D:3)
  18 orcs
  11 endoplasms
  2 giant cockroaches (D:1)
  5 goblins
  8 hobgoblins
  3 jackals (D:1)
  3 quokkas
  3 ball pythons
  5 bats
  3 frilled lizards
  8 kobolds
  6 rats
192 creatures vanquished.

Vanquished Creatures (collateral kills)
  A killer bee (D:9)
  4 adders
  A white imp (D:7)
  2 dart slugs
  An endoplasm (D:1)
  A giant cockroach (D:3)
  A jackal (D:1)
  2 kobolds
13 creatures vanquished.

Vanquished Creatures (others)
  2 fulminant prisms (D:8)
2 creatures vanquished.

Grand Total: 207 creatures vanquished

Notes
Turn   | Place    | Note
-------+----------+-------------------------------------------
     0 | D:1      | Tuch the Deep Elf Hedge Wizard began the quest for the Orb.
     0 | D:1      | Reached XP level 1. HP: 10/10 MP: 7/7
   154 | D:1      | Found a faded altar of an unknown god.
   255 | D:1      | Reached skill level 5 in Spellcasting
   412 | D:1      | Reached XP level 2. HP: 15/15 MP: 5/10
   471 | D:1      | Learned a level 1 spell: Slow
   474 | D:1      | Learned a level 2 spell: Blink
   477 | D:1      | Learned a level 2 spell: Call Imp
  1556 | D:2      | Reached XP level 3. HP: 14/19 MP: 4/12
  1731 | D:2      | Learned a level 3 spell: Mephitic Cloud
  2101 | D:2      | Reached XP level 4. HP: 24/24 MP: 9/13
  2692 | D:3      | Found Zin's Purification Station.
  2695 | D:3      | Found a glowing silver altar of Zin.
  2702 | D:3      | Bought a potion of curing for 90 gold pieces
  2725 | D:3      | Reached skill level 6 in Spellcasting
  3129 | D:3      | Reached XP level 5. HP: 11/28 MP: 10/15
  3863 | D:4      | Learned a level 3 spell: Ignite Poison
  4214 | D:4      | Noticed Grinder
  4223 | D:4      | Paralysed by Grinder for 3 turns
  4225 | D:4      | Killed Grinder
  4226 | D:4      | Reached skill level 7 in Spellcasting
  4226 | D:4      | Reached skill level 1 in Fire Magic
  4226 | D:4      | Reached skill level 1 in Poison Magic
  4226 | D:4      | Reached XP level 6. HP: 32/32 MP: 10/18
  4649 | D:4      | Found a runed translucent gate.
  4649 | D:4      | Found a runed translucent gate.
  4649 | D:4      | Found a runed translucent gate.
  4654 | D:4      | Found an opulent altar of Gozag.
  4656 | D:4      | Noticed Tocho's ghost (amateur MiFi)
  4993 | D:4      | Noticed Duvessa
  4995 | D:4      | Noticed Dowan
  5007 | D:4      | Killed Duvessa
  5111 | D:3      | Learned a level 4 spell: Sticky Flame
  5115 | D:3      | Learned a level 3 spell: Conjure Flame
  5148 | D:4      | HP: 1/32 [Dowan/+2 dagger of freezing (1)]
  5150 | D:4      | Noticed Dowan
  5150 | D:4      | Dowan changed into Dowan the hound
  5153 | D:4      | Killed Dowan the hound
  5154 | D:4      | Reached skill level 1 in Hexes
  5154 | D:4      | Reached XP level 7. HP: 9/36 MP: 3/20
  5730 | D:5      | Entered Level 5 of the Dungeon
  6245 | D:5      | Reached skill level 8 in Spellcasting
  6777 | D:5      | Reached XP level 8. HP: 41/41 MP: 18/22
  7150 | D:5      | Reached skill level 9 in Spellcasting
  7649 | D:6      | Found a stormy altar of Qazlal.
  7651 | D:6      | Noticed an air elemental
  8000 | D:6      | Reached skill level 5 in Conjurations
  8039 | D:6      | Identified the +0 leather armour of Plasticity {rPois rC++
                  | rN+}
  8185 | D:6      | Reached skill level 10 in Spellcasting
  9120 | D:6      | Found a staircase to the Ecumenical Temple.
  9129 | Temple   | Entered the Ecumenical Temple
  9177 | Temple   | Became a worshipper of Sif Muna the Loreminder
  9589 | D:7      | Reached XP level 9. HP: 18/45 MP: 12/25
  9857 | D:7      | Reached skill level 1 in Armour
 10343 | D:7      | Reached skill level 1 in Transmutations
 10423 | D:7      | Reached skill level 11 in Spellcasting
 10731 | D:7      | Reached skill level 1 in Air Magic
 10979 | D:7      | Reached skill level 5 in Poison Magic
 11284 | D:7      | Reached skill level 12 in Spellcasting
 11731 | D:7      | Reached * piety under Sif Muna
 12303 | D:8      | Learned a level 1 spell: Apportation
 12361 | D:8      | Reached XP level 10. HP: 38/50 MP: 6/28
 13530 | D:8      | Learned a level 4 spell: Fulminant Prism
 13535 | D:8      | Learned a level 4 spell: Iskenderun's Mystic Blast
 13564 | D:8      | Reached skill level 13 in Spellcasting
 13815 | D:8      | Found a sacrificial altar of Ru.
 14181 | D:8      | Found Kaheel's Weapon Shop.
 14250 | D:9      | Found a staircase to the Lair.
 14277 | D:9      | Found a shimmering altar of Xom.
 14282 | D:9      | Noticed a two-headed ogre
 14787 | D:9      | Reached ** piety under Sif Muna
 14798 | D:9      | Reached skill level 5 in Fire Magic
 15069 | D:9      | Slain by a two-headed ogre

Illustrated notes

Levels and vault maps discovered:
D:1:      minmay_arrival_radiant_lines, layout_basic,
          ebering_ecumenical_altar_rust, minmay_ruptured
D:2:      layout_basic, amcnicky_mini_corridor_feature, st_stairs_9
D:3:      layout_basic, zin_purify, minmay_pentangle
D:4:      layout_basic, ebering_ghost_gozag, uniq_grinder, uniq_duvessa
D:5:      layout_loops_corners
D:6:      layout_rooms, nicolae_qazlal_style_of_elements,
          minmay_temple_entry_purple_smoke
D:7:      layout_layer_cave, centaur_isle
D:8:      layout_rooms, mainiacjoe_overflow_brackets, serial_shops,
          nicolae_shop_hallway_plus, skrybe_limestone_x
D:9:      nicolae_cairo_tiling, layout_gridville, old_standard_altar
Temple:   hc_temple_tempest_star

Skill      XL: |  1  2  3  4  5  6  7  8  9 10 |
---------------+-------------------------------+-----
Spellcasting   | 5 6 7 8 10 12 13 | 13.9
Conjurations   | 2 3 4 5 6 7 |  7.6
Summonings     | 2 |  2.9
Fire Magic     | 1 2 3 4 5 |  5.0
Poison Magic   | 1 2 3 4 5 |  5.7
Hexes          | 1 2 3 |  3.8
Stealth        | 3 4 |  4.2
Dodging        | 3 4 |  4.0
Armour         | 2 |  2.8
Transmutations | 2 |  2.7
Air Magic      | 2 3 |  3.0
Translocations | 2 |  2.3
Staves         | |  0.3
Evocations     | |  0.2

Action                   |  1- 3 |  4- 6 |  7- 9 | 10-12 || total
-------------------------+-------+-------+-------+-------++-------
Melee: Whip              |       |     4 |       |       ||     4
       Staff             |       |       |     3 |     2 ||     5
 Cast: Magic Dart        |    83 |    99 |   296 |   114 ||   592
       Call Imp          |     9 |     4 |    12 |     3 ||    28
       Slow              |     3 |     5 |    28 |     8 ||    44
       Blink             |     2 |     2 |    12 |     9 ||    25
       Mephitic Cloud    |       |     4 |    41 |    24 ||    69
       Ignite Poison     |       |     3 |    27 |    13 ||    43
       Conjure Flame     |       |     1 |    17 |     3 ||    21
       Sticky Flame      |       |       |     7 |    20 ||    27
       Apportation       |       |       |     1 |       ||     1
       Fulminant Prism   |       |       |       |     2 ||     2
Evoke: Wand              |       |     1 |     4 |       ||     5
  Use: Scroll            |     3 |       |     6 |     8 ||    17
       Potion            |     1 |     1 |       |       ||     2
Armor: Robe              |     3 |     4 |     9 |     7 ||    23
       Leather armour    |       |       |     9 |       ||     9
       Acid dragon scale |       |       |       |     8 ||     8
Dodge: Dodged            |    17 |    16 |    85 |    61 ||   179

Table legend: (Time is in decaauts)
 A = Elapsed time spent in this place.
 B = Non-inter-level travel time spent in this place.
 C = Inter-level travel time spent in this place.
 D = Time resting spent in this place.
 E = Time spent auto-exploring this place.
 F = Levels seen in this place.
 G = Mean time per level.
                   A        B        C        D        E       F      G
               +--------+--------+--------+--------+--------+-----+--------+
         Total |  15085 |  14654 |    431 |   5695 |   6319 |  10 | 1508.5 |
       Dungeon |  15021 |  14604 |    417 |   5695 |   6292 |   9 | 1669.0 |
        Temple |     63 |     49 |     14 |      0 |     27 |   1 |   63.0 |
               +--------+--------+--------+--------+--------+-----+--------+

Top non-repeatable levels by time:
     D:7: 3291 daAuts
     D:5: 2769 daAuts
     D:4: 1970 daAuts
     D:1: 1547 daAuts
     D:6: 1404 daAuts
     D:8: 1338 daAuts
     D:3: 1221 daAuts
     D:2: 989 daAuts
     D:9: 487 daAuts
  Temple: 63 daAuts
